 Dungeon Crawl Stone Soup version 0.26-a0-639-g72c4674329 (webtiles) character file.

Game seed: 14310541928087637603

140 Flugslaktarn the Covered (level 5, -11/50 HPs)
             Began as a Deep Dwarf Fighter on Sept 23, 2020.
             Mangled by an ogre
             ... wielding a +0 giant club
              (15 damage)
             ... on level 4 of the Dungeon.
             The game lasted 00:00:47 (690 turns).

Flugslaktarn the Covered (Deep Dwarf Fighter)        Turns: 690, Time: 00:00:47

Health: -11/50     AC:  8    Str: 21    XL:     5   Next: 2%
Magic:  5/5        EV:  7    Int:  8    God:
Gold:   96         SH:  9    Dex: 12    Spells: 4/4 levels left

rFire    . . .     SeeInvis .   a - +0 war axe
rCold    . . .     Faith    .   c - +0 kite shield
rNeg     . . .     Spirit   .   b - +0 scale mail
rPois    .         Reflect  .   h - +0 helmet
rElec    .         Harm     .   (no cloak)
rCorr    .         Rampage  .   (no gloves)
MR       .....                  (no boots)
Stlth    ..........             (no amulet)
HPRegen  0.00/turn              (no ring)
MPRegen  0.09/turn              (no ring)

@: brilliant, lethally poisoned (-11 -> -75), non-regenerating
A: damage resistance, heal wounds, sense surroundings 1, no regeneration
a: Heal Wounds


You were on level 4 of the Dungeon.
You visited 1 branch of the dungeon, and saw 4 of its levels.

You collected 96 gold pieces.

Inventory:

Hand Weapons
 a - a +0 war axe (weapon)
Armour
 b - a +0 scale mail (worn)
 c - a +0 kite shield (worn)
 h - a +0 helmet (worn)
   (You found it on level 2 of the Dungeon)
Scrolls
 f - a scroll of fear {unknown}
 j - a scroll of magic mapping {unknown}
 k - a scroll of enchant armour {unknown}
Potions
 d - a potion of might


   Skills:
 * Level 3.7 Fighting
 * Level 3.8 Axes
 + Level 3.9 Armour
 + Level 3.9 Shields


You had 4 spell levels left.
You didn't know any spells.
Your spell library was empty.

Dungeon Overview and Level Annotations

Branches:
Dungeon (4/15)
 Temple: D:4-7

Altars:

Annotations:
D:4 Blork the orc


Innate Abilities, Weirdness & Mutations

You are resistant to damage.
You can heal yourself by infusing magical energy.
You passively map a small area around you.
You do not regenerate.


Message History

You closely miss something.
You feel extremely sick. Something hits you but does no damage.
You are more poisoned.
You feel very sick. The ogre hits you with a +0 giant club.
* * * LOW HITPOINT WARNING * * *
Something hits you.
* * * LOW HITPOINT WARNING * * *
You are more poisoned.
Something hits you but does no damage.
You are too injured to fight recklessly!
You fail to use your ability.
* * * LOW HITPOINT WARNING * * *
You feel very sick. Something hits you!
* * * LOW HITPOINT WARNING * * *
You are more poisoned.
Something hits you but does no damage. The ogre hits you with a +0 giant club!
You die...

..... * #..........#
, ...... *,,
#..........# . , , *
#..........#≈ .., ,
#..........# , ** *
#..........# *
#......#.###
##§.....#.# ,
#####§§.....#.. * ,
##ooO@{§§....#..# ,
, #oo#{#§§§....#
.#** *
#[##§##§§....#,
#####..###.§#.#....
, , *
#..oooho#..##.##....
, .o....s..###[
##,.... , ........##
##,, * .. , , ,
.o.$..... * ,,
......... ,, ,* ,


You could see an ogre and an orc wizard (fast).

Vanquished Creatures
  An orc wizard (D:3)
  A worker ant (D:4)
  A hound skeleton (D:4)
  3 adders
  An ooze (D:4)
  An adder skeleton (D:4)
  A worm (D:2)
  6 orcs
  6 bats
  3 goblins
  A hobgoblin (D:1)
  4 jackals (D:4)
  2 ball pythons
  2 frilled lizards
  2 kobolds (D:2)
  5 rats
40 creatures vanquished.

Notes
Turn   | Place    | Note
-------+----------+-------------------------------------------
     0 | D:1      | Flugslaktarn the Deep Dwarf Fighter began the quest for the
                  | Orb.
     0 | D:1      | Reached XP level 1. HP: 20/20 MP: 1/1
   207 | D:2      | Reached XP level 2. HP: 22/27 MP: 2/2
   307 | D:2      | Reached XP level 3. HP: 17/34 MP: 3/3
   375 | D:3      | Reached XP level 4. HP: 35/42 MP: 4/4
   648 | D:4      | Noticed an ogre
   654 | D:4      | Reached XP level 5. HP: 27/50 MP: 5/5
   658 | D:4      | Noticed Blork the orc
   690 | D:4      | Mangled by an ogre

Illustrated notes

Levels and vault maps discovered:
D:1:      dpeg_arrival_renting, layout_loops_corners
D:2:      layout_basic
D:3:      layout_loops_ring
D:4:      layout_basic, portal_sewer_entry_d, minmay_between, uniq_grinder,
          uniq_blork_the_orc

Skill      XL: |  1  2  3 |
---------------+----------+-----
Fighting       | 3 |  3.7
Axes           | 3 |  3.8
Armour         | |  3.9
Shields        | |  3.9

Action                   |  1- 3 |  4- 6 || total
-------------------------+-------+-------++-------
Melee: War axe           |    69 |    54 ||   123
 Abil: Heal Wounds       |     1 |     5 ||     6
  Use: Potion            |       |     3 ||     3
       Scroll            |       |     1 ||     1
Armor: Scale mail        |    44 |    43 ||    87
Dodge: Dodged            |    24 |    27 ||    51
Block: Kite shield       |    41 |    31 ||    72

Table legend: (Time is in decaauts)
 A = Elapsed time spent in this place.
 B = Non-inter-level travel time spent in this place.
 C = Inter-level travel time spent in this place.
 D = Time resting spent in this place.
 E = Time spent auto-exploring this place.
 F = Levels seen in this place.
 G = Mean time per level.
                   A        B        C        D        E       F      G
               +--------+--------+--------+--------+--------+-----+--------+
         Total |    742 |    665 |     77 |      0 |    372 |   4 |  185.5 |
       Dungeon |    742 |    665 |     77 |      0 |    372 |   4 |  185.5 |
               +--------+--------+--------+--------+--------+-----+--------+

Top non-repeatable levels by time:
     D:4: 230 daAuts
     D:1: 197 daAuts
     D:3: 177 daAuts
     D:2: 137 daAuts
